 Dungeon Crawl Stone Soup version 0.31.0-32-g396128a36d (webtiles) character file.

Game seed: 8787352628811997138

3237 DemonSlayer the Digger (level 9, -6/61 HPs)
             Began as a Demonspawn Earth Elementalist on Apr 21, 2024.
             Was a Priest of Cheibriados.
             Shot with an arrow by a centaur (9 damage)
             ... on level 9 of the Dungeon.
             The game lasted 00:21:17 (9630 turns).

DemonSlayer the Digger (DsEE)                       Turns: 9630, Time: 00:21:17

Health: -6/61      AC:  5    Str: 17    XL:     9   Next: 66%
Magic:  1/19       EV: 14    Int: 24    God:    Cheibriados [***...]
Gold:   198        SH:  0    Dex: 25    Spells: 7/22 levels left

rFire   . . .        q - +2 dagger (venom)
rCold   . . .        (no shield)
rNeg    . . .        k - +0 robe
rPois   .            (no helmet)
rElec   .            d - +0 cloak
rCorr   .            (no gloves)
SInv    .            (no boots)
Will    .....        (no amulet)
Stlth   ++           g - ring of wizardry
HPRegen 1.10/turn    v - ring of flight
MPRegen 0.16/turn

%: wizardry (x1)
@: silenced, flying, very slow
A: claws 2, demonic guardian 1, foul stench 2, sharp scales 2, talons 1,
regeneration 1
a: Renounce Religion


You were on level 9 of the Dungeon.
You worshipped Cheibriados.
Cheibriados was most pleased with you.
You visited 1 branch of the dungeon, and saw 9 of its levels.
You also visited: Sewer.

You collected 279 gold pieces.
You spent 81 gold pieces at shops.

Inventory:

Hand Weapons
 q - a +2 dagger of venom (weapon)
 x - a +4 short sword
Missiles
 y - a throwing net
Armour
 d - a +0 cloak (worn)
 k - a +0 robe (worn)
Jewellery
 g - a ring of wizardry (left claw)
 v - a ring of flight (right claw)
Wands
 w - a wand of digging (2)
Scrolls
 c - a scroll of amnesia {unknown}
 f - 4 scrolls of fog {unknown}
 h - a scroll of enchant weapon {unknown}
 i - a scroll of brand weapon {unknown}
 j - 2 scrolls of noise {unknown}
 l - a scroll of fear {unknown}
 m - 3 scrolls of teleportation {unknown}
 n - a scroll of vulnerability {unknown}
 o - 3 scrolls of silence
 p - a scroll of immolation
 t - a scroll of torment {unknown}
Potions
 a - 3 potions of brilliance
 b - 2 potions of magic
 e - 6 potions of mutation
 s - a potion of resistance
 A - a potion of might


   Skills:
 + Level 2.2 Fighting
 + Level 1.7 Short Blades
 + Level 3.5 Dodging
 + Level 4.6 Stealth
 + Level 7.3 Spellcasting
 + Level 5.1 Conjurations
 + Level 7.5 Earth Magic


You had 7 spell levels left.
You knew the following spells:

 Your Spells              Type           Power      Damage    Failure   Level
a - Sandblast             Erth           90%        2d19      1%          1
b - Stone Arrow           Conj/Erth      78%        3d11      1%          3
c - Passwall              Erth           45%        N/A       1%          3
d - Brom's Barrelling Bo  Conj/Erth      39%        2d6       1%          4
e - Petrify               Alch/Erth      26%        N/A       6%          4

Your spell library contained the following spells:

 Spells                   Type           Power      Damage    Failure   Level
 Kiss of Death            Conj/Necr      84%        2d11      1%          1
 Hailstorm                Conj/Ice       21%        3d7       3%          3
 Fugue of the Fallen      Necr           8%         N/A       9%          3
 Gell's Gravitas          Tloc           8%         N/A       9%          3
 Ozocubu's Armour         Ice            8%         N/A       9%          3
 Vampiric Draining        Necr           8%         2d6       9%          3
 Animate Dead             Necr           8%         N/A       26%         4
 Manifold Assault         Tloc           8%         N/A       26%         4
 Summon Forest            Summ/Tloc      4%         N/A       58%         5


Dungeon Overview and Level Annotations

Branches:
Dungeon (9/15)             Temple (0/1) D:7           Sewer (visited)
   Lair: D:8-11         Orc: D:9-12

Altars:
Cheibriados
Fedhas
Hepliaklqana
Qazlal
Sif Muna
Uskayaw
Vehumet
Yredelemnul

Shops:
D:4 *   D:5 [=(*   D:7 *

Annotations:
D:4 3 runed translucent doors, mkat's ghost, amateur MfWn
D:6 1 runed translucent door, Minebeasties's ghost, novice TrGl


Innate Abilities, Weirdness & Mutations

You have very sharp fingernails.
A weak demonic guardian rushes to your aid.
You sometimes emit foul miasma when damaged in melee.
You are mostly covered in razor-sharp scales. (AC +2, Slay +2)
You have sharp toenails.
Your natural rate of healing is unusually fast.


Message History

The centaur shoots an arrow.
The arrow hits you.
You hear a shout!
You hear a shout!
The centaur shoots an arrow.
The arrow hits you.
You are too injured to fight recklessly!
Casting: Stone Arrow (safe; 1% risk of failure)
Confirm with . or Enter, or press ? or * to list all spells.
Aiming: Stone Arrow (safe; 1% risk of failure)
Press: ? - help, Shift-Dir - straight line, f - centaur
Aim: a centaur, wielding a +0 shortbow (84% to hit)
The stone arrow hits the centaur!
The centaur is severely wounded.
The centaur shoots an arrow.
The arrow hits you!
* * * LOW HITPOINT WARNING * * *
Casting: Stone Arrow (safe; 1% risk of failure)
Confirm with . or Enter, or press ? or * to list all spells.
Aiming: Stone Arrow (safe; 1% risk of failure)
Press: ? - help, Shift-Dir - straight line, f/p - centaur
Aim: a centaur, wielding a +0 shortbow (severely wounded, 84% to hit)
The stone arrow misses the centaur.
The centaur shoots an arrow.
The arrow hits you!
* * * LOW HITPOINT WARNING * * *
A demonic guardian appears!
The centaur shoots an arrow.
The arrow hits you!
* * * LOW HITPOINT WARNING * * *
You hear a shout!
Okay, then.
It was a potion of cancellation.
Your magical effects are unravelling.
You feel magically purged.
Your resistance to elements expires.
The centaur shoots an arrow.
The arrow hits you but does no damage.
As you read the scroll labelled LYUTEQ ALIQUR, it crumbles to dust.
A profound silence engulfs you.
It was a scroll of silence.
The centaur shoots an arrow.
The arrow hits you.
* * * LOW HITPOINT WARNING * * *
The centaur shoots an arrow.
The arrow misses you.
Your shadow imp hits the centaur but does no damage.
An orc warrior comes into view. It is wielding a +0 short sword.
The centaur shoots an arrow.
The arrow hits you!
You die...

#................#
##.......########.#
#........# #.#
##........# #.#
#.........# #.#
.#.........########.#
.........5c.........#
.............o..†.###
........@#####'#†.#
...#####.# #..# ..
#.# #..# . #.# #..#
#.# #..# #.# #..# #.#
#..# #.# #..


You could see an orc warrior (wandering), a centaur (ally target) and a friendly
shadow imp (summoned, unsilenced).

Vanquished Creatures
  2 yaks (D:9)
  A steam dragon (D:7)
  An acid dragon (D:6)
  2 water moccasins (D:7)
  An orc warrior (D:7)
  An ice beast (D:6)
  2 ogres
  The ghost of Valrug the Apothecary, an amateur DsAl (D:3)
  3 kobold brigands
  2 phantoms (D:5)
  Blork the orc (D:4)
  2 bullfrogs
  2 scorpions
  A brain worm (Sewer)
  A gnoll sergeant (D:7)
  6 killer bees (D:9)
  2 bombardier beetles
  A hound (D:5)
  Crazy Yiuf (D:3)
  4 jellies
  3 orc priests
  A gnoll bouda (D:7)
  2 iguanas (D:5)
  7 orc wizards
  19 gnolls
  A river rat (D:6)
  8 adders
  A white imp (D:5)
  2 ufetubi (D:7)
  3 ribbon worms (D:2)
  5 dart slugs
  19 orcs
  9 bats
  6 endoplasms
  5 giant cockroaches
  4 hobgoblins (D:2)
  5 jackals
  28 kobolds
  12 quokkas
  7 ball pythons
  6 frilled lizards
  5 goblins
  7 rats
202 creatures vanquished.

Notes
Turn   | Place    | Note
-------+----------+-------------------------------------------
     0 | D:1      | DemonSlayer the Demonspawn Earth Elementalist began the
                  | quest for the Orb.
     0 | D:1      | Reached XP level 1. HP: 13/13 MP: 3/3
   123 | D:1      | Gained mutation: You have sharp fingernails. [demonic
                  | ancestry]
   123 | D:1      | Reached XP level 2. HP: 14/19 MP: 1/5
   473 | D:1      | Got the Encyclopedia of Loathsome Momentum
   749 | D:1      | Gained mutation: You are partially covered in razor-sharp
                  | scales. (AC +1, Slay +1) [demonic ancestry]
   749 | D:1      | Reached XP level 3. HP: 24/24 MP: 3/6
  1362 | D:2      | Learned a level 3 spell: Stone Arrow
  1366 | D:2      | Learned a level 3 spell: Passwall
  1453 | D:2      | Gained mutation: You are mostly covered in razor-sharp
                  | scales. (AC +2, Slay +2) [demonic ancestry]
  1453 | D:2      | Reached XP level 4. HP: 30/30 MP: 3/7
  2198 | D:3      | You fall into a shaft and drop 2 floors!
  2198 | D:5      | Entered Level 5 of the Dungeon
  2228 | D:4      | Gained mutation: You may rarely emit foul miasma when
                  | damaged in melee. [demonic ancestry]
  2228 | D:4      | Reached XP level 5. HP: 35/35 MP: 0/10
  2419 | D:4      | Noticed Blork the orc
  2427 | D:4      | Killed Blork the orc
  2502 | D:4      | Reached XP level 6. HP: 41/41 MP: 4/12
  2776 | D:4      | Gained mutation: Your natural rate of healing is unusually
                  | fast. [potion of mutation]
  2776 | D:4      | Gained mutation: You have sharp toenails. [potion of
                  | mutation]
  2896 | D:4      | Reached skill level 5 in Earth Magic
  2980 | D:4      | Found Lecveecw's Overcharged Wands.
  2982 | D:4      | Found a runed translucent gate.
  2983 | D:4      | Found a runed translucent gate.
  2983 | D:4      | Found a runed translucent gate.
  3017 | D:4      | Noticed mkat's ghost (amateur MfWn)
  3357 | D:3      | Got Sif Muna's Notes on Location and the Dead
  3370 | D:3      | Found a runed translucent gate.
  3371 | D:3      | Found a runed translucent gate.
  3372 | D:3      | Found a runed translucent gate.
  3806 | D:3      | Found a runed translucent door.
  3807 | D:3      | Noticed Crazy Yiuf
  3995 | D:3      | Found a snail-covered altar of Cheibriados.
  4014 | D:3      | Became a worshipper of Cheibriados the Contemplative
  4153 | D:3      | Noticed Valrug's ghost (amateur DsAl)
  4268 | D:3      | Killed Valrug's ghost
  4269 | D:3      | Gained mutation: You sometimes emit foul miasma when
                  | damaged in melee. [demonic ancestry]
  4269 | D:3      | Reached XP level 7. HP: 24/47 MP: 1/13
  4683 | D:3      | Killed Crazy Yiuf
  4733 | D:3      | Learned a level 4 spell: Brom's Barrelling Boulder
  4738 | D:3      | Learned a level 4 spell: Petrify
  4831 | D:5      | Found Axuzar's Weapon Shop.
  4842 | D:5      | Found Xanwao's Assorted Antiques.
  4928 | D:5      | Bought a scroll labelled FEWASH OLAGUVE for 27 gold pieces
  4928 | D:5      | Bought a scroll labelled LYUTEQ ALIQUR for 27 gold pieces
  4928 | D:5      | Bought a scroll labelled LYUTEQ ALIQUR for 27 gold pieces
  5303 | D:5      | Reached skill level 5 in Spellcasting
  5381 | D:5      | Reached * piety under Cheibriados
  5403 | D:5      | Found a basalt altar of Yredelemnul.
  5628 | D:5      | Found Cegiwipt's Armour Shop.
  5655 | D:5      | Gained mutation: You have very sharp fingernails. [demonic
                  | ancestry]
  5655 | D:5      | Reached XP level 8. HP: 53/53 MP: 1/16
  5915 | D:5      | Found Nad Beh's Jewellery Shoppe.
  5916 | D:5      | Found a blossoming altar of Fedhas.
  5963 | D:5      | Found a stormy altar of Qazlal.
  5963 | D:5      | Found a hide-covered altar of Uskayaw.
  5965 | D:5      | Found a radiant altar of Vehumet.
  5966 | D:5      | Found a shimmering blue altar of Sif Muna.
  5968 | D:5      | Found a hazy altar of Hepliaklqana.
  6400 | D:6      | Noticed Minebeasties's ghost (novice TrGl)
  6416 | D:6      | Reached skill level 1 in Fighting
  6493 | D:6      | Found a runed translucent door.
  6552 | D:6      | Reached skill level 1 in Short Blades
  6768 | D:6      | Found a glowing drain.
  6772 | Sewer    | Entered a sewer
  6855 | Sewer    | Reached ** piety under Cheibriados
  7992 | D:8      | Gained mutation: A weak demonic guardian rushes to your
                  | aid. [demonic ancestry]
  7992 | D:8      | Reached XP level 9. HP: 45/59 MP: 1/18
  8232 | D:7      | Found Aoezoill's Alliterative Accessories.
  8461 | D:7      | Reached *** piety under Cheibriados
  8955 | D:7      | Found a staircase to the Ecumenical Temple.
  9607 | D:9      | Reached skill level 5 in Conjurations
  9627 | D:9      | HP: 3/61 [centaur/arrow (8)]
  9629 | D:9      | HP: 1/61 [centaur/arrow (4)]
  9630 | D:9      | Shot with an arrow by a centaur

Illustrated notes

Levels and vault maps discovered:
D:1:      dpeg_arrival_stone_temple_mockup, layout_basic
D:2:      layout_loops_cross
D:3:      layout_basic, slow_altar_2, gammafunk_ghost_split,
          uniq_crazy_yiuf_cottage
D:4:      layout_loops_ring, gammafunk_ghost_necromancy,
          nicolae_shop_overcharged_wands, uniq_blork_the_orc
D:5:      layout_basic, mainiacjoe_overflow_catwalk, minitemple, serial_shops,
          nicolae_shop_peninsula, nicolae_shop_temple_entry_statues_fountains,
          shop, nicolae_shop_statue_plus, st_stairs_5
D:6:      layout_loops_cross, mainiacjoe_overflow_alcove_4,
          hellmonk_ghost_happy_afterlife, gup_sewer_entry_spiral
D:7:      layout_loops_ring, minmay_temple_entry_nine_rooms,
          dreamdust_princess_corridor, nicolae_alphabet_shops,
          grunt_ministairs_13
D:8:      kennysheep_blocky_room, layout_cave_pools,
          amcnicky_mini_corridor_feature
D:9:      minmay_the_grid_triangle_9x9_rhombus_thin_mashed
          [minmay_the_grid_triangle_9x9_limited_checkers,
          minmay_the_grid_triangle_9x9_prize_special,
          minmay_the_grid_triangle_9x9_flanged_cone,
          minmay_the_grid_triangle_9x9_windchime], layout_irregular_city,
          enter_bailey_5

Skill      XL: |  1  2  3  4  5  6  7  8  9 |
---------------+----------------------------+-----
Dodging        | 2 3 |  3.5
Stealth        | 2 3 4 |  4.6
Earth Magic    | 3 4 5 6 7 |  7.5
Spellcasting   | 3 4 5 6 7 |  7.3
Conjurations   | 2 3 5 |  5.1
Fighting       | 1 2 |  2.2
Short Blades   | 1 |  1.7

Action                     |  1- 3 |  4- 6 |  7- 9 || total
---------------------------+-------+-------+-------++-------
  Melee: Unarmed           |     3 |       |       ||     3
         Dagger            |    15 |    16 |    82 ||   113
         Kick              |       |     2 |    25 ||    27
         Punch             |       |       |     1 ||     1
   Cast: Sandblast         |    60 |   104 |       ||   164
         Stone Arrow       |       |     6 |   121 ||   127
    Use: Potion            |     1 |     4 |     6 ||    11
         Scroll            |       |     2 |     3 ||     5
   Stab: Sleeping          |     4 |     3 |    10 ||    17
         Distracted        |       |       |     1 ||     1
 Armour: Robe              |    39 |    41 |    99 ||   179
  Dodge: Dodged            |    46 |    62 |    97 ||   205
